 Dungeon Crawl Stone Soup version 0.25-a0-1073-gf4359a17dd (webtiles) character file.

Game seed: 17376877569760743365, levelgen mode: classic

196 Amnesiac the Ogre Mage (level 5, 0/45 HPs)
             Began as an Ogre Wizard on May 14, 2020.
             Slain by an adder zombie (1 damage)
             ... on level 5 of the Dungeon.
             The game lasted 00:07:37 (1970 turns).

Amnesiac the Ogre Mage (Ogre Wizard)                Turns: 1970, Time: 00:07:37

Health: 0/45       AC:  3    Str: 11    XL:     5   Next: 74%
Magic:  8/12       EV: 10    Int: 19    God:
Gold:   123        SH:  0    Dex:  8    Spells: 5/13 levels left

rFire    . . .     SeeInvis .   a - +2 flail (protect)
rCold    . . .     Gourm    .   (no shield)
rNeg     . . .     Faith    .   k - +0 robe
rPois    .         Spirit   .   b - +0 hat
rElec    .         Reflect  .   (no cloak)
rCorr    .         Harm     .   (gloves unavailable)
MR       .....                  (boots unavailable)
Stlth    +.........             (no amulet)
HPRegen  0.15/turn              c - ring of flight
MPRegen  0.13/turn              (no ring)

@: no status effects
A: large, unfitting armour, tough skin 1
a: Evoke Flight


You were on level 5 of the Dungeon.
You were not hungry.

You visited 1 branch of the dungeon, and saw 5 of its levels.

You collected 123 gold pieces.

Inventory:

Hand Weapons
 a - a +2 flail of protection (weapon)
Missiles
 m - 4 large rocks (quivered)
Armour
 b - a +0 hat (worn)
 k - a +0 robe (worn)
Jewellery
 c - a ring of flight (left hand)
Scrolls
 f - a scroll of fear {!r}
Potions
 e - 2 potions of flight {!q}
 j - a potion of berserk rage {!q, unknown}
 l - a potion of stabbing {!q, unknown}
Comestibles
 d - 3 rations


   Skills:
 - Level 0.6 Maces & Flails
 - Level 1.7 Dodging
 - Level 1.4 Stealth
 + Level 4.9 Spellcasting
 * Level 3.9 Conjurations
 - Level 0.8 Summonings
 - Level 0.8 Translocations


You had 5 spell levels left.
You knew the following spells:

 Your Spells              Type           Power        Failure   Level  Hunger
a - Magic Dart            Conj           ###.         2%          1    None
b - Call Imp              Summ           #.......     13%         2    #......
e - Mephitic Cloud        Conj/Pois/Air  #.......     22%         3    ##.....
v - Blink                 Tloc           N/A          13%         2    #......

Your spell library contained the following spells:

 Spells                   Type           Power        Failure   Level  Hunger
 Foxfire                  Conj/Fire      ##..         5%          1    None
 Conjure Flame            Conj/Fire      ##......     17%         3    ##.....
 Slow                     Hex            #.......     19%         2    #......
 Inner Flame              Hex/Fire       #.......     36%         3    ##.....
 Sticky Flame             Conj/Fire      ##......     50%         4    ####...
 Fireball                 Conj/Fire      ##........   83%         5    ######.


Dungeon Overview and Level Annotations

Branches:
Dungeon (5/15)
 Temple: D:4-7

Altars:
Kikubaaqudgha
Makhleb


Innate Abilities, Weirdness & Mutations

You are too large for most types of armour.
You have tough skin. (AC +1)


Message History

You kill the worker ant!
You feel sick.
The adder zombie bites you but does no damage. x2
You closely miss the adder zombie.
You feel sick. The adder zombie closely misses you.
You barely miss the adder zombie.
You feel sick.
The adder zombie bites you but does no damage.
The adder zombie closely misses you.
You closely miss the adder zombie.
You feel sick. The adder zombie completely misses you.
You closely miss the adder zombie.
You feel sick. The adder zombie bites you.
* * * LOW HITPOINT WARNING * * *
The adder zombie bites you but does no damage.
You hit the adder zombie.
Your weapon exudes an aura of protection.
The adder zombie is lightly damaged.
* * * LOW HITPOINT WARNING * * *
You feel sick. The adder zombie barely misses you. The adder zombie bites you.
* * * LOW HITPOINT WARNING * * *
You barely miss the adder zombie.
The adder zombie is lightly damaged.
* * * LOW HITPOINT WARNING * * *
You feel sick. The adder zombie bites you.
* * * LOW HITPOINT WARNING * * *
Really quaff
g - a sedimented pink potion {!q}?
It was a potion of curing {!q}.
You feel better. The adder zombie bites you.
* * * LOW HITPOINT WARNING * * *
You closely miss the adder zombie.
The adder zombie is lightly damaged.
The adder zombie barely misses you. The adder zombie misses you.
You barely miss the adder zombie.
The adder zombie is lightly damaged.
The adder zombie bites you.
* * * LOW HITPOINT WARNING * * *
You hit the adder zombie.
Your weapon exudes an aura of protection.
The adder zombie is lightly damaged.
The adder zombie bites you but does no damage. x2
Casting: Call Imp (safe; 13% risk of failure)
Confirm with . or Enter, or press ? or * to list all spells.
A beastly little devil appears in a puff of flame.
The adder zombie barely misses you. The adder zombie closely misses you.
Your crimson imp blinks!
The adder zombie bites you.
* * * LOW HITPOINT WARNING * * *
You swap places.
The adder zombie misses your crimson imp.
Casting: Call Imp (safe; 13% risk of failure)
Confirm with . or Enter, or press ? or * to list all spells.
A beastly little devil appears in a puff of frigid air.
Your crimson imp blinks!
The adder zombie bites you.
* * * LOW HITPOINT WARNING * * *
The adder zombie misses your white imp.
You swap places.
The adder zombie bites you but does no damage.
Your crimson imp blinks!
You barely miss the adder zombie.
The adder zombie is lightly damaged.
The adder zombie bites you.
* * * LOW HITPOINT WARNING * * *
The adder zombie bites you.
You die...

# #.##.#.# .# # #..#.#.##. $
###........ .# # .........# #...#
#########..###.## #...#
....(..(........# #...#
###############.# #...# ######
#8P#.......#P8#.######...###.....
#P.#≈≈≈≈≈≈≈#.P#.@§<...5..........
#..#..≈≈P..#..#..Z..............#
#©.'..≈⌠≈..'.©#©5............>.##
#..#..≈≈≈..#..#..###......##..##
#P.#≈≈≈≈≈≈≈#.P#.####.#....##...##
#8P#.......#≈8#.# #..#...)####..#
###############.##.#.#....# #.#.
................#.###.....# #.##
.##.##..#####.##.# ##...## #.#.


You could see an adder zombie, a friendly crimson imp (summoned) and a friendly
white imp (summoned).

Vanquished Creatures
  A scorpion (D:5)
  An orc priest (D:5)
  A worker ant (D:5)
  A hound skeleton (D:4)
  An adder (D:4)
  2 dart slugs
  An orc (D:3)
  4 bats
  A giant cockroach (D:5)
  2 goblins
  2 hobgoblins
  A frilled lizard (D:1)
  A kobold (D:2)
  A leopard gecko skeleton (D:4)
  A quokka skeleton (D:5)
  A rat (D:1)
22 creatures vanquished.

Vanquished Creatures (collateral kills)
  An orc wizard (D:4)
  An adder (D:3)
  4 shadow imps (D:5)
  2 orcs (D:4)
8 creatures vanquished.

Grand Total: 30 creatures vanquished

Notes
Turn   | Place    | Note
-------+----------+-------------------------------------------
     0 | D:1      | Amnesiac the Ogre Wizard began the quest for the Orb.
     0 | D:1      | Reached XP level 1. HP: 16/16 MP: 5/5
    76 | D:1      | Reached skill level 1 in Conjurations
   221 | D:1      | Reached XP level 2. HP: 21/24 MP: 0/6
   233 | D:1      | Learned a level 2 spell: Blink
   236 | D:1      | Learned a level 2 spell: Call Imp
   457 | D:3      | Reached skill level 4 in Spellcasting
   539 | D:3      | Reached XP level 3. HP: 30/31 MP: 0/8
   776 | D:4      | Reached XP level 4. HP: 12/39 MP: 0/10
   812 | D:4      | Learned a level 3 spell: Mephitic Cloud
   916 | D:4      | Found an ancient bone altar of Kikubaaqudgha.
  1068 | D:3      | Found a burning altar of Makhleb.
  1105 | D:5      | Entered Level 5 of the Dungeon
  1105 | D:5      | Found a transporter.
  1163 | D:5      | Found a transporter.
  1525 | D:5      | Reached XP level 5. HP: 24/45 MP: 12/12
  1970 | D:5      | HP: 1/45 [adder zombie (4)]
  1970 | D:5      | Slain by an adder zombie

Illustrated notes

Levels and vault maps discovered:
D:1:      dpeg_arrival_another_circle, layout_basic
D:2:      layout_loops_ring, lemuel_coloured_pillars_altar,
          corexii_item_surrounded_by_moat
D:3:      layout_loops_ring, led_sif_book, nicolae_overflow_hidden_temple,
          fedhas_altar_2, minmay_crystal_water, kennysheep_generic_room_10
D:4:      layout_loops_ring, kennysheep_mini_moat, minmay_temple_entry_hall,
          chequers_serial_rivers_large_b
D:5:      gammafunk_wand_slinger, layout_loops_cross, old_standard_altar,
          grunt_gozag_statues, nicolae_overflow_crystal_walls, first_ration

Skill      XL: |  1  2  3  4 |
---------------+-------------+-----
Conjurations   | 1 2 3 |  3.9
Spellcasting   | 4 |  4.9
Maces & Flails | |  0.6
Dodging        | |  1.7
Stealth        | |  1.4
Summonings     | |  0.8
Translocations | |  0.8

Action                   |  1- 3 |  4- 6 || total
-------------------------+-------+-------++-------
Melee: Unarmed           |    21 |       ||    21
       Flail             |       |    47 ||    47
Throw: Large rock        |       |     4 ||     4
 Cast: Magic Dart        |    49 |       ||    49
       Call Imp          |     4 |     8 ||    12
       Mephitic Cloud    |       |     1 ||     1
Evoke: Wand              |       |     8 ||     8
  Use: Scroll            |       |     3 ||     3
       Potion            |       |     1 ||     1
  Eat: Ration            |       |     1 ||     1
Armor: Robe              |    19 |    25 ||    44
Dodge: Dodged            |    41 |    42 ||    83

Table legend:
 A = Non-vault XP
 B = Vault XP
 C = Vault XP percentage of total XP
 D = Non-vault monster count
 E = Vault monster count
 F = Vault count percentage of total count
                 A         B        C        D         E       F
            +---------+---------+-------+---------+---------+-------
      Total |     215 |      65 |  23.2 |      25 |       5 |  16.7
            +---------+---------+-------+---------+---------+-------
        D:1 |      11 |       0 |   0.0 |       7 |       0 |   0.0
        D:2 |       5 |       0 |   0.0 |       3 |       0 |   0.0
        D:3 |      19 |       0 |   0.0 |       4 |       0 |   0.0
        D:4 |      74 |       0 |   0.0 |       7 |       0 |   0.0
        D:5 |     106 |      65 |  38.0 |       4 |       5 |  55.6
            +---------+---------+-------+---------+---------+-------
